 Dungeon Crawl Stone Soup version 0.25.1-2-g60ff931df9 (webtiles) character file.

Game seed: 12430749478089035244

172 Peloso the Covered (level 5, -11/46 HPs)
             Began as a Minotaur Fighter on Aug 26, 2020.
             Was an Initiate of Okawaru.
             Engulfed by Ijyb's flame (19 damage)
             ... on level 4 of the Dungeon.
             The game lasted 00:05:57 (2861 turns).

Peloso the Covered (Minotaur Fighter)               Turns: 2861, Time: 00:05:58

Health: -11/46     AC: 11    Str: 20    XL:     5   Next: 27%
Magic:  4/4        EV:  7    Int:  5    God:    Okawaru [......]
Gold:   71         SH: 14    Dex: 11    Spells: 4/4 levels left

rFire    . . .     SeeInvis .   a - +0 long sword
rCold    . . .     Gourm    .   c - +0 kite shield
rNeg     . . .     Faith    .   m - +3 scale mail
rPois    .         Spirit   .   (helmet restricted)
rElec    .         Reflect  +   (no cloak)
rCorr    +         Harm     .   j - +0 pair of gloves
MR       .....                  (no boots)
Stlth    ..........             n - amulet of reflection
HPRegen  0.15/turn              i - ring of resist corrosion
MPRegen  0.09/turn              (no ring)

@: no status effects
A: retaliatory headbutt, horns 2
a: Renounce Religion


You were on level 4 of the Dungeon.
You worshipped Okawaru.
Okawaru was noncommittal.
You were not hungry.

You visited 1 branch of the dungeon, and saw 4 of its levels.

You collected 71 gold pieces.

Inventory:

Hand Weapons
 a - a +0 long sword (weapon)
 b - a +0 dagger of speed
Missiles
 u - 38 bolts
Armour
 c - a +0 kite shield (worn)
 j - a +0 pair of gloves (worn)
 m - a +3 scale mail (worn)
Jewellery
 i - a ring of resist corrosion (left hand)
 n - an amulet of reflection (around neck)
Wands
 p - a wand of polymorph (7)
Scrolls
 k - 4 scrolls of teleportation
 q - a scroll of remove curse {unknown}
 r - 2 scrolls of fear
 s - a scroll of random uselessness {unknown}
Potions
 d - a potion of might
 e - a potion of curing
 g - 2 potions of haste
 h - a potion of brilliance {unknown}
 l - 2 potions of heal wounds {unknown}
 t - 2 potions of flight {unknown}
Comestibles
 f - 9 rations
 o - 5 chunks of flesh


   Skills:
 + Level 4.2 Fighting
 + Level 4.4 Long Blades
 + Level 5.0 Armour
 + Level 0.5 Dodging
 + Level 4.4 Shields


You had 4 spell levels left.
You didn't know any spells.
Your spell library contained the following spells:

 Spells                   Type           Power        Failure   Level  Hunger
 Beastly Appendage        Tmut           #.....       99%         1    ##.....
 Sticks to Snakes         Tmut           #.......     100%        2    ###....
 Spider Form              Tmut/Pois      #.........   100%        3    ####...
 Ice Form                 Ice/Tmut       #.......     100%        4    #####..
 Blade Hands              Tmut           #.........   100%        5    ######.


Dungeon Overview and Level Annotations

Branches:
Dungeon (4/15)
 Temple: D:4-7

Altars:
Cheibriados
Elyvilon
Fedhas
Gozag
Hepliaklqana
Okawaru
Sif Muna
Zin

Annotations:
D:4 Ijyb


Innate Abilities, Weirdness & Mutations

You reflexively headbutt those who attack you in melee.
You have a pair of horns on your head.


Message History

You slash the ogre!
The ogre is moderately wounded.
The ogre hits you with a +0 giant club!
Your shield prevents you from hitting the ogre.
The ogre is moderately wounded.
You block the ogre's attack.
As you read the scroll of fear, it crumbles to dust.
You assume a fearsome visage.
The ogre looks frightened!
There is a stone staircase leading up here.
Ijyb the Twisted Goblin comes into view.
She is carrying a wand of clouds (3).
Ijyb shouts!
Ijyb zaps a wand.
Ijyb creates a blast of flame!
Ijyb zaps a wand.
Ijyb creates a blast of flame!
You are engulfed in blazing flames.
* * * LOW HITPOINT WARNING * * *
Ijyb zaps a wand.
Ijyb creates a blast of flame!
The now-empty wand crumbles to dust.
Okay, then.
You feel better.
You are engulfed in blazing flames.
You die...

#####################
######..................).
#......########.####...#.#
#.######## #.# #.#..## #.#
#...######.####...#.# #.#
##.#.................. #.#
#...§.................
#.###.###§#.##..##########
###.....# #@#.##..# #
#.....#.###§#.##..#
#####.#.#.#.§§§§g..#..#
#..........######>.#..#
#.###.#.#..# .......
##......# ...#..#
#.<.<##.# .#..# #.##.##.#
# # #.#..##.#####...


You could see Ijyb.

Vanquished Creatures
  2 orc wizards (D:3)
  Terence (D:2)
  An adder (D:3)
  An ooze (D:2)
  2 worms
  4 dart slugs
  A leopard gecko (D:4)
  An orc (D:3)
  6 giant cockroaches
  4 goblins
  7 hobgoblins
  9 jackals
  2 quokkas
  2 ball pythons (D:3)
  A bat (D:3)
  A frilled lizard (D:1)
  10 kobolds
  2 rats
57 creatures vanquished.

Notes
Turn   | Place    | Note
-------+----------+-------------------------------------------
     0 | D:1      | Peloso the Minotaur Fighter began the quest for the Orb.
     0 | D:1      | Reached XP level 1. HP: 19/19 MP: 0/0
   130 | D:1      | Reached skill level 4 in Armour
   141 | D:1      | Reached XP level 2. HP: 27/27 MP: 1/1
   579 | D:2      | Reached XP level 3. HP: 32/33 MP: 2/2
  1100 | D:2      | Found a blossoming altar of Fedhas.
  1100 | D:2      | Found a shimmering blue altar of Sif Muna.
  1293 | D:2      | Noticed Terence
  1302 | D:2      | Killed Terence
  1302 | D:2      | Reached XP level 4. HP: 37/40 MP: 3/3
  1687 | D:3      | Found a faded altar of an unknown god.
  1810 | D:3      | Found an opulent altar of Gozag.
  1867 | D:3      | Found a white marble altar of Elyvilon.
  1966 | D:3      | Found an iron altar of Okawaru.
  1974 | D:3      | Became a worshipper of Warmaster Okawaru
  2093 | D:3      | Reached skill level 5 in Armour
  2093 | D:3      | Reached XP level 5. HP: 45/46 MP: 4/4
  2137 | D:3      | Found a glowing silver altar of Zin.
  2279 | D:3      | Found a hazy altar of Hepliaklqana.
  2584 | D:4      | Noticed an ogre
  2735 | D:4      | Found a snail-covered altar of Cheibriados.
  2855 | D:4      | Noticed Ijyb
  2860 | D:4      | HP: 2/46 [Ijyb] (15)]
  2861 | D:4      | Engulfed by Ijyb's flame

Illustrated notes

Levels and vault maps discovered:
D:1:      scummos_arrival_gate, layout_loops_ring
D:2:      layout_basic, nicolae_overflow_hidden_temple, uniq_terence
D:3:      layout_loops_ring, grunt_gozag_statues, overflow_temple_1_default,
          lemuel_round_altar, elyvilon_altar_4, old_standard_altar,
          chequers_ecumenical_altar_lobes
D:4:      layout_loops_ring, cheibriados_altar_1, first_ration, led_sif_pool,
          uniq_eustachio, uniq_ijyb, uniq_grinder

Skill      XL: |  1  2  3  4 |
---------------+-------------+-----
Armour         | 4 5 |  5.0
Shields        | 4 |  4.4
Fighting       | 4 |  4.2
Long Blades    | 3 4 |  4.4
Dodging        | |  0.5

Action                   |  1- 3 |  4- 6 || total
-------------------------+-------+-------++-------
Melee: Long sword        |    84 |    60 ||   144
       Headbutt          |    14 |     8 ||    22
  Use: Scroll            |     2 |     4 ||     6
       Potion            |       |     1 ||     1
  Eat: Chunk             |     1 |     5 ||     6
Armor: Scale mail        |    38 |    30 ||    68
Dodge: Dodged            |    26 |    16 ||    42
Block: Kite shield       |    48 |    61 ||   109
       Reflection        |       |     1 ||     1
       Rpst.: Long sword |    11 |     6 ||    17
